 Dungeon Crawl Stone Soup version 0.29-a0-512-gf59ac788ac (webtiles) character file.

Game seed: 13388177112448252843

104 Sobieck the Sneak (level 4, -6/24 HPs)
             Began as a Vampire Earth Elementalist on May 29, 2022.
             Killed from afar by Grinder (10 damage)
             ... with a puff of flame
             ... on level 3 of the Dungeon.
             The game lasted 00:08:21 (2680 turns).

Sobieck the Sneak (Vampire Earth Elementalist)      Turns: 2680, Time: 00:08:22

Health: -6/24      AC:  3    Str:  7    XL:     4   Next: 52%
Magic:  0/7        EV: 12    Int: 19    God:
Gold:   127        SH:  0    Dex: 14    Spells: 0/7 levels left

rFire   . . .      SeeInvis +   a - +0 dagger {short}
rCold   + + .      Faith    .   (no shield)
rNeg    + + +      Spirit   .   b - +0 robe
rPois   ∞          Reflect  .   (no helmet)
rElec   .          Harm     .   (no cloak)
rCorr   .          Rampage  .   (no gloves)
Will    .....                   p - +0 pair of boots
Stlth   +++++.....              (no amulet)
HPRegen 0.00/turn               (no ring)
MPRegen 0.10/turn               (no ring)

@: bloodless, inhibited regen
A: bloodless, fangs 3, see invisible, vampiric 2
a: Bat Form, Revivify


You were on level 3 of the Dungeon.
You visited 1 branch of the dungeon, and saw 3 of its levels.

You collected 127 gold pieces.


Innate Abilities, Weirdness & Mutations

You do not regenerate when monsters are visible.
You are frail without blood (-20% HP).
You can heal yourself when you bite living creatures.
You are immune to poison.
You have razor-sharp teeth.
You have supernaturally acute eyesight. (SInv)
You are afflicted with vampirism and can become a bat while bloodless.


   Skills:
 - Level 2.1 Dodging
 + Level 5.0 Stealth
 - Level 2.0 Spellcasting
 + Level 2.9 Transmutations
 + Level 3.9 Earth Magic


You couldn't memorise any spells.
You knew the following spells:

 Your Spells              Type           Power      Damage    Failure   Level
a - Sandblast             Erth           32%        2d9       3%          1
b - Passwall              Tmut/Erth      11%        N/A       6%          2
c - Petrify               Tmut/Erth      14%        N/A       38%         4

Your spell library contained the following spells:

 Spells                   Type           Power      Damage    Failure   Level
 Stone Arrow              Conj/Erth      18%        3d8       22%         3
 Gell's Gravitas          Tloc           1%         N/A       45%         3
 Lesser Beckoning         Tloc           1%         N/A       45%         3
 Teleport Other           Tloc           1%         N/A       45%         3
 Summon Lightning Spire   Summ/Air       1%         N/A       86%         4
 Storm Form               Tmut/Air       3%         N/A       100%        7
 Maxwell's Capacitive Co  Air            0%         ∞         100%        8

Inventory:

Hand Weapons
 a - a +0 dagger (weapon) {short}
   (You took it off a goblin on level 1 of the Dungeon)
 o - a +2 trident of flaming {polearm}
   (You found it on level 2 of the Dungeon)
Missiles
 d - 86 stones {throwing}
Armour
 b - a +0 robe (worn)
 h - a +0 ring mail
   (You found it on level 1 of the Dungeon)
 j - a +0 ring mail
   (You found it on level 2 of the Dungeon)
 k - a +0 leather armour
   (You found it on level 2 of the Dungeon)
 l - a +0 leather armour
   (You found it on level 2 of the Dungeon)
 p - a +0 pair of boots (worn)
   (You found it on level 2 of the Dungeon)
 t - a +0 robe
   (You found it on level 2 of the Dungeon)
 x - a +0 chain mail
   (You found it on level 3 of the Dungeon)
 y - a +3 leather armour
   (You took it off an orc on level 3 of the Dungeon)
 z - a +0 ring mail
   (You took it off an orc on level 3 of the Dungeon)
Magical Staves
 f - a staff of poison {!astaff}
   (You found it on level 1 of the Dungeon)
Scrolls
 e - a scroll of teleportation {unknown}
 m - a scroll of poison {unknown}
 q - 2 scrolls of amnesia {unknown}
 u - 2 scrolls of identify {unknown}
 v - a scroll of summoning {unknown}
 w - a scroll of magic mapping {unknown}
Potions
 c - a potion of magic
 g - a potion of berserk rage {unknown}
 i - a potion of invisibility {unknown}
 n - 2 potions of flight {unknown}
 r - a potion of heal wounds {unknown}
 s - 4 potions of curing {unknown}
 A - a potion of degeneration {unknown}
 B - a potion of ambrosia {unknown}

Dungeon Overview and Level Annotations

Branches:
Dungeon (3/15)

Altars:
Qazlal

Annotations:
D:3 Grinder

#..#....<.........
###.###....##....##
#○...§#...###....#
###.....##### ######
#...._...># #?#.....#.# ≈#
#.#○...°#.# ≈≈≈.##.###.###
# #..≈≈...#@5##
##≈≈........##############
≈≈≈..................>....
≈#....?..[..###########...
############ #... #...
#... #... #...


You could see Grinder.


Message History

Moving in this stuff is going to be slow.
You enter the shallow water.
Moving in this stuff is going to be slow.
You see here a +0 dagger {short}.
You now have 127 gold pieces (gained 13).
You open the door.
A goblin comes into view. It is wielding a +0 club.
There is an open door here.
Danger!
Casting: Sandblast (safe; 3% risk of failure)
Confirm with . or Enter, or press ? or * to list all spells.
Aiming: Passwall (safe; 6% risk of failure)
Press: ? - help, Dir - move target A rock wall.
You begin to meditate on the wall.
You continue meditating on the rock. x2
You finish merging with the rock.
Danger!
The helpless goblin fails to defend itself.
You bite the goblin, and draw its blood!
You puncture the goblin!
You kill the goblin!
Your Stealth skill increases to level 5!
A - a lumpy puce potion
B - a golden potion You open the door.
There is an open door here.
Unknown command.
Found a stormy altar of Qazlal.
Unknown command.
Found a stone staircase leading down.
Danger!
Casting: Passwall (safe; 6% risk of failure)
Confirm with . or Enter, or press ? or * to list all spells.
Aiming: Passwall (safe; 6% risk of failure)
Press: ? - help, Dir - move target A rock wall.
You begin to meditate on the wall.
You continue meditating on the rock. x2
Grinder shouts!
Grinder gestures at you. You resist with significant effort.
You finish merging with the rock.
Unknown command.
Casting: Passwall (safe; 6% risk of failure)
Confirm with . or Enter, or press ? or * to list all spells.
Aiming: Sandblast (safe; 3% risk of failure)
Press: ? - help, Shift-Dir - straight line, f - Grinder
Aim: Grinder, carrying a wand of flame (22) (77% to hit)
The blast of sand hits Grinder.
Grinder blinks!
Casting: Sandblast (safe; 3% risk of failure)
Confirm with . or Enter, or press ? or * to list all spells.
Aiming: Sandblast (safe; 3% risk of failure)
Press: ? - help, Shift-Dir - straight line, f/p - Grinder
Aim: Grinder, carrying a wand of flame (22) (lightly wounded, 77% to hit)
The blast of sand hits Grinder!
Casting: Sandblast (safe; 3% risk of failure)
Confirm with . or Enter, or press ? or * to list all spells.
Aiming: Sandblast (safe; 3% risk of failure)
Press: ? - help, Shift-Dir - straight line, f/p - Grinder
Aim: Grinder, carrying a wand of flame (22) (moderately wounded, 77% to hit)
The blast of sand hits Grinder!
Grinder hits you!
Casting: Sandblast (safe; 3% risk of failure)
Confirm with . or Enter, or press ? or * to list all spells.
Aiming: Sandblast (safe; 3% risk of failure)
Press: ? - help, Shift-Dir - straight line, f/p - Grinder
Aim: Grinder, carrying a wand of flame (22) (heavily wounded, 77% to hit)
The blast of sand hits Grinder.
Grinder misses you.
Casting: Sandblast (safe; 3% risk of failure)
Confirm with . or Enter, or press ? or * to list all spells.
Aiming: Sandblast (safe; 3% risk of failure)
Press: ? - help, Shift-Dir - straight line, f/p - Grinder
Aim: Grinder, carrying a wand of flame (22) (severely wounded, 77% to hit)
The blast of sand misses Grinder.
Grinder hits you.
You aren't carrying any items that you can evoke.
Unknown command.
You barely miss Grinder.
Grinder blinks!
Unknown command.
Unknown command.
Casting: Sandblast (safe; 3% risk of failure)
Confirm with . or Enter, or press ? or * to list all spells.
Aiming: Sandblast (safe; 3% risk of failure)
Press: ? - help, Shift-Dir - straight line, f/p - Grinder
Aim: Grinder, carrying a wand of flame (22) (severely wounded, 77% to hit)
The blast of sand misses Grinder.
Grinder says, "What is the universe for?"
Unknown command.
You hit Grinder but do no damage. Grinder barely misses you.
Unknown command.
You closely miss Grinder. You bite Grinder. Grinder hits you!
* * * LOW HITPOINT WARNING * * *
Unknown command.
You hit Grinder. You bite Grinder. Grinder barely misses you.
You hit Grinder.
Grinder blinks!
Unknown command.
Grinder blinks!
Unknown command.
You hit Grinder but do no damage. Grinder barely misses you.
You hit Grinder but do no damage.
Grinder zaps a wand.
The puff of flame hits you!
You die...

Skill      XL: |  1  2  3  4 |
---------------+-------------+-----
Stealth        | 4 5 |  5.0
Transmutations | 2 |  2.9
Dodging        | |  2.1
Spellcasting   | |  2.0
Earth Magic    | |  3.9

Action                   |  1- 3 |  4- 6 || total
-------------------------+-------+-------++-------
Melee: Dagger            |    26 |    27 ||    53
       Bite              |     1 |     2 ||     3
 Cast: Sandblast         |    25 |    11 ||    36
       Passwall          |     8 |    13 ||    21
 Abil: Exsanguinate      |     1 |       ||     1
 Stab: Sleeping          |    10 |    13 ||    23
Armor: Robe              |     7 |     3 ||    10
Dodge: Dodged            |    23 |    10 ||    33

Levels and vault maps discovered:
D:1:      saegor_arrival_simple_a, layout_basic, ebering_ecumenical_altar_ruins,
          chequers_hall_statues_corner_a
D:2:      layout_loops_ring, minmay_heptomino_h4
D:3:      minmay_door_path, layout_rooms, grunt_qazlal_clouds, serial_rivers,
          chequers_serial_rivers_micro_b, chequers_serial_rivers_small_b,
          chequers_serial_rivers_micro_a, chequers_serial_rivers_small_3,
          minivault_25, uniq_grinder

Notes
Turn   | Place    | Note
-------+----------+-------------------------------------------
     0 | D:1      | Sobieck the Vampire Earth Elementalist began the quest for
                  | the Orb.
     0 | D:1      | Reached XP level 1. HP: 13/13 MP: 3/3
   271 | D:1      | Reached XP level 2. HP: 18/19 MP: 3/5
   274 | D:1      | Learned a level 2 spell: Passwall
   353 | D:1      | Found a faded altar of an unknown god.
   871 | D:2      | Reached skill level 4 in Stealth
   871 | D:2      | Reached skill level 2 in Transmutations
   959 | D:2      | Gained mutation: You are afflicted with vampirism and can
                  | become a bat while bloodless. [Vampire growth]
   959 | D:2      | Reached XP level 3. HP: 19/19 MP: 4/6
  1381 | D:2      | Reached XP level 4. HP: 24/24 MP: 5/7
  1429 | D:2      | Learned a level 4 spell: Petrify
  1459 | D:2      | You pick up a book of the Sky and begin reading...
  1459 | D:2      | You add the spells Summon Lightning Spire, Storm Form and
                  | Maxwell's Capacitive Coupling to your library.
  1481 | D:2      | You pick up a book of Displacement and begin reading...
  1481 | D:2      | You add the spells Lesser Beckoning, Gell's Gravitas and
                  | Teleport Other to your library.
  2467 | D:3      | Noticed Grinder
  2603 | D:3      | Reached skill level 5 in Stealth
  2651 | D:3      | Found a stormy altar of Qazlal.
  2675 | D:3      | HP: 4/24 [Grinder (9)]
  2680 | D:3      | Killed from afar by Grinder

Vanquished Creatures
  6 adders
  A dart slug (D:2)
  3 orcs (D:3)
  A ball python (D:2)
  3 endoplasms
  A giant cockroach (D:2)
  7 goblins
  3 hobgoblins
  3 jackals (D:1)
  3 quokkas
  5 bats
  5 frilled lizards
  2 kobolds (D:1)
  5 rats
48 creatures vanquished.

Table legend:
 A = Non-vault XP
 B = Vault XP
 C = Vault XP percentage of total XP
 D = Non-vault monster count
 E = Vault monster count
 F = Vault count percentage of total count
                 A         B        C        D         E       F
            +---------+---------+-------+---------+---------+-------
      Total |     112 |      37 |  24.8 |      41 |       7 |  14.6
            +---------+---------+-------+---------+---------+-------
        D:1 |      25 |       0 |   0.0 |      16 |       0 |   0.0
        D:2 |      58 |      21 |  26.6 |      17 |       4 |  19.0
        D:3 |      29 |      16 |  35.6 |       8 |       3 |  27.3
            +---------+---------+-------+---------+---------+-------

Illustrated notes

Table legend:
 A = Kills in this place as a percentage of kills in entire the game.
 B = Kills by you in this place as a percentage of kills by you in the entire game.
 C = Kills by friends in this place as a percentage of kills by friends in the entire game.
 D = Other kills in this place as a percentage of other kills in the entire game.
 E = Experience gained in this place as a percentage of experience gained in the entire game.
 F = Experience gained in this place divided by the number of levels of this place that you have seen.
                   A       B       C       D       E      F
               +-------+-------+-------+-------+-------+----------------------
         Total | 100.0 | 100.0 |   N/A |   N/A | 100.0 |  49.7
       Dungeon | 100.0 | 100.0 |   N/A |   N/A | 100.0 |  49.7
               +-------+-------+-------+-------+-------+----------------------

Table legend: (Time is in decaauts)
 A = Elapsed time spent in this place.
 B = Non-inter-level travel time spent in this place.
 C = Inter-level travel time spent in this place.
 D = Time resting spent in this place.
 E = Time spent auto-exploring this place.
 F = Levels seen in this place.
 G = Mean time per level.
                   A        B        C        D        E       F      G
               +--------+--------+--------+--------+--------+-----+--------+
         Total |   2680 |   2618 |     62 |    390 |   1529 |   3 |  893.3 |
       Dungeon |   2680 |   2618 |     62 |    390 |   1529 |   3 |  893.3 |
               +--------+--------+--------+--------+--------+-----+--------+

Top non-repeatable levels by time:
     D:2: 1130 daAuts
     D:1: 830 daAuts
     D:3: 718 daAuts
